[Event "SVK-ch Open 2018"]
[Site "Banska Stiavnica"]
[Date "2018.07.07"]
[Round "1"]
[White "Pacher, Milan"]
[Black "Budinsky, Jozef"]
[Result "1-0"]
[ECO "C23"]
[WhiteElo "2467"]
[BlackElo "1931"]
[Annotator "ChessBase"]
[PlyCount "107"]
[EventDate "2018.07.07"]
[EventType "swiss"]
[EventCountry "SVK"]
[SourceTitle "playchess.com"]
[Source "ChessBase"]
[SourceQuality "1"]
[TimeControl "40/5400+30:1800+30"]

1. e4 e5 2. Nf3 Nc6 3. Bc4 Bc5 4. c3 d6 5. d4 exd4 6. cxd4 Bb6 7. Nc3 Nf6 8. O-O Bg4 9. d5 Ne5 10. Bb5+ c6 11. dxc6 bxc6 12. Be2 Nxf3+ 13. Bxf3 Bxf3 14. Qxf3 O-O 15. Bg5 Bd4 16. Rad1 Be5 17. Rd3 Qc7 18. Rc1 Qb7 19. Qe2 Qa6 20. Bxf6 Bxf6 21. Rxd6 Qxe2 22. Nxe2 Bxb2 23. Rcxc6 Rfe8 24. f3 Rac8 25. Kf2 Ba3 26. Rxc8 Rxc8 27. Ra6 Bc5+ 28. Kg3 Bb6 29. Nf4 Rc6 30. Kg4 g6 31. Nd5 Rc2 32. Kh3 Kg7 33. Nxb6 axb6 34. g4 g5 35. Kg3 Rb2 36. h4 h6 37. h5 Kh7 38. Ra7 Kg8 39. f4 gxf4+ 40. Kxf4 Kg7 41. e5 Re2 42. a4 Kg8 43. Ra6 Rb2 44. a5 Rb4+ 45. Kf5 bxa5 46. Rxh6 Kg7 47. Ra6 a4 48. g5 Rh4 49. h6+ Kg8 50. Ra8+ Kh7 51. Rf8 a3 52. Rxf7+ Kg8 53. Ra7 Rh3 54. Kg6 1-0

[Event "SVK-ch Open 2018"]
[Site "Banska Stiavnica"]
[Date "2018.07.07"]
[Round "1"]
[White "Druska, Juraj"]
[Black "Ihnat, Marek"]
[Result "1-0"]
[ECO "A48"]
[WhiteElo "2439"]
[BlackElo "1432"]
[Annotator "NA"]
[PlyCount "43"]
[EventDate "2018.07.07"]
[EventType "swiss"]
[EventCountry "SVK"]
[SourceTitle "playchess.com"]
[Source "ChessBase"]
[SourceQuality "1"]
[TimeControl "40/5400+30:1800+30"]

1. d4 Nf6 2. Nf3 g6 3. Nbd2 d5 4. b4 Bg7 5. e3 O-O 6. Bb2 Nbd7 7. c4 dxc4 8. Bxc4 Nb6 9. Bd3 Nbd5 10. a3 c6 11. O-O Re8 12. Qb3 Bg4 13. h3 Bxf3 14. Nxf3 Nd7 15. Rfd1 a6 16. Rab1 Qc7 17. e4 N5f6 18. Rbc1 Qb6 19. d5 cxd5 20. e5 Nh5 21. Qxd5 Nb8 22. Bd4 1-0

[Event "SVK-ch Open 2018"]
[Site "Banska Stiavnica"]
[Date "2018.07.07"]
[Round "1"]
[White "Szeberenyi, Adam"]
[Black "Hyll, Jan"]
[Result "1-0"]
[ECO "E61"]
[WhiteElo "2372"]
[BlackElo "1915"]
[Annotator "NA"]
[PlyCount "67"]
[EventDate "2018.07.07"]
[EventType "swiss"]
[EventCountry "SVK"]
[SourceTitle "playchess.com"]
[Source "ChessBase"]
[SourceQuality "1"]
[TimeControl "40/5400+30:1800+30"]

1. d4 Nf6 2. Nf3 g6 3. c4 Bg7 4. Nc3 d6 5. Bg5 O-O 6. e3 c5 7. Be2 Nc6 8. O-O h6 9. Bh4 Bf5 10. d5 Nb8 11. Nd2 g5 12. Bg3 e5 13. dxe6 fxe6 14. Nb3 Ne4 15. Nxe4 Bxe4 16. Qxd6 Qxd6 17. Bxd6 Rd8 18. Nxc5 Bc6 19. Rad1 Bxb2 20. Nxe6 Nd7 21. Nxd8 Rxd8 22. f4 Re8 23. fxg5 Rxe3 24. Bf3 hxg5 25. Bxc6 bxc6 26. Rf5 Nf6 27. Rxg5+ Kh7 28. Bc5 Re2 29. Bd4 Bxd4+ 30. Rxd4 Ne4 31. Kf1 Re3 32. Rg4 Nf6 33. Rg3 Re6 34. Rh4+ 1-0

[Event "SVK-ch Open 2018"]
[Site "Banska Stiavnica"]
[Date "2018.07.07"]
[Round "1"]
[White "Gelle, Istvan"]
[Black "Brnusak, Tomas"]
[Result "1-0"]
[ECO "A45"]
[WhiteElo "2344"]
[BlackElo "1910"]
[Annotator "NA"]
[PlyCount "103"]
[EventDate "2018.07.07"]
[EventType "swiss"]
[EventCountry "SVK"]
[SourceTitle "playchess.com"]
[Source "ChessBase"]
[SourceQuality "1"]
[TimeControl "40/5400+30:1800+30"]

1. d4 Nf6 2. Bf4 g6 3. e3 Bg7 4. Nf3 d6 5. h3 O-O 6. Be2 c5 7. c3 Qb6 8. Qb3 Be6 9. Qxb6 axb6 10. a3 Bd5 11. Nbd2 Bc6 12. O-O Nbd7 13. Bh2 Rfe8 14. Rfe1 b5 15. dxc5 dxc5 16. Ne5 Nxe5 17. Bxe5 Nd5 18. Bxg7 Kxg7 19. Rad1 Rad8 20. Nb3 b6 21. Rd2 Nc7 22. Red1 Rxd2 23. Rxd2 e5 24. g3 f5 25. h4 Kf6 26. f4 e4 27. g4 Ke7 28. Kf2 Rd8 29. Rxd8 Kxd8 30. h5 Ke7 31. g5 Bd5 32. Nd2 Bf7 33. h6 Kd6 34. Ke1 Kc6 35. Bd1 Ne8 36. b3 Nc7 37. Nf1 Nd5 38. Kd2 c4 39. Ng3 Nc7 40. Ne2 Kd5 41. Nd4 Be8 42. Be2 Ne6 43. bxc4+ bxc4 44. Nxe6 Kxe6 45. Bxc4+ Kd6 46. Bg8 Kc5 47. c4 b5 48. Kc3 bxc4 49. Bxc4 Bc6 50. Bg8 Bd5 51. Bxh7 Bf7 52. a4 1-0

[Event "SVK-ch Open 2018"]
[Site "Banska Stiavnica"]
[Date "2018.07.07"]
[Round "1"]
[White "Polyik, Peter"]
[Black "Ucekajova, Veronika"]
[Result "1-0"]
[ECO "E73"]
[WhiteElo "2311"]
[BlackElo "1757"]
[Annotator "NA"]
[PlyCount "91"]
[EventDate "2018.07.07"]
[EventType "swiss"]
[EventCountry "SVK"]
[SourceTitle "playchess.com"]
[Source "ChessBase"]
[SourceQuality "1"]
[TimeControl "40/5400+30:1800+30"]

1. d4 Nf6 2. c4 g6 3. Nc3 Bg7 4. e4 d6 5. Be2 O-O 6. Bg5 c5 7. d5 h6 8. Be3 a6 9. a4 Re8 10. h3 Nbd7 11. Nf3 b6 12. O-O Bb7 13. Qd2 Kh7 14. Bf4 e5 15. Be3 Nf8 16. Nh2 g5 17. Ng4 Ng6 18. g3 Bc8 19. Kg2 Nxg4 20. Bxg4 Bxg4 21. hxg4 Kg8 22. a5 bxa5 23. Rfb1 Qb6 24. b3 Bf6 25. Qa2 Bd8 26. Bd2 Qb7 27. Nd1 Ne7 28. Ne3 Bb6 29. Bxa5 Bxa5 30. Qxa5 Reb8 31. Nc2 Qc8 32. f3 Kg7 33. b4 cxb4 34. Rxb4 Rxb4 35. Qxb4 Qb8 36. Rxa6 Qxb4 37. Nxb4 Rxa6 38. Nxa6 Kg6 39. Kf2 h5 40. gxh5+ Kxh5 41. Nb8 Kg6 42. c5 Nc8 43. Nd7 f6 44. Nb6 dxc5 45. Nxc8 f5 46. d6 1-0

[Event "SVK-ch Open 2018"]
[Site "Banska Stiavnica"]
[Date "2018.07.07"]
[Round "1"]
[White "Petran, Peter"]
[Black "Marsina, Stefan"]
[Result "1-0"]
[ECO "A05"]
[WhiteElo "2302"]
[BlackElo "1908"]
[Annotator "NA"]
[PlyCount "75"]
[EventDate "2018.07.07"]
[EventType "swiss"]
[EventCountry "SVK"]
[SourceTitle "playchess.com"]
[Source "ChessBase"]
[SourceQuality "1"]
[TimeControl "40/5400+30:1800+30"]

1. Nf3 Nf6 2. g3 d5 3. Bg2 c5 4. c4 e6 5. cxd5 exd5 6. d4 Nc6 7. O-O cxd4 8. Nxd4 Bc5 9. Nb3 Be7 10. Nc3 Be6 11. Nd4 Nxd4 12. Qxd4 O-O 13. Rd1 Qd7 14. Bf4 Rfd8 15. Rac1 Rac8 16. Na4 b5 17. Nc5 Bxc5 18. Rxc5 Rxc5 19. Qxc5 Rc8 20. Qd4 h6 21. Be5 Rc4 22. Qd2 Qe7 23. b3 Rc6 24. Qb2 Ne8 25. Bxd5 Bxd5 26. Rxd5 Re6 27. e3 f6 28. Bd4 Qb7 29. Rc5 Nd6 30. Qc2 a6 31. Rc7 Qe4 32. Qc6 Qb1+ 33. Kg2 Qe4+ 34. f3 Qf5 35. g4 Qg6 36. Qd5 Qe8 37. Rc6 Qd7 38. Bc5 1-0

[Event "SVK-ch Open 2018"]
[Site "Banska Stiavnica"]
[Date "2018.07.07"]
[Round "1"]
[White "Stockova, Zuzana"]
[Black "Liska, Jaroslav"]
[Result "1-0"]
[ECO "B75"]
[WhiteElo "2301"]
[BlackElo "1914"]
[Annotator "NA"]
[PlyCount "77"]
[EventDate "2018.07.07"]
[EventType "swiss"]
[EventCountry "SVK"]
[SourceTitle "playchess.com"]
[Source "ChessBase"]
[SourceQuality "1"]
[TimeControl "40/5400+30:1800+30"]

1. e4 c5 2. Nf3 d6 3. d4 cxd4 4. Nxd4 Nf6 5. Nc3 g6 6. Be3 Bg7 7. f3 a6 8. Bc4 Nc6 9. Bb3 Na5 10. Qd2 Nxb3 11. cxb3 h5 12. O-O O-O 13. Rfd1 Bd7 14. Qf2 Qa5 15. Nc2 Qc7 16. Bb6 Qc8 17. Nb4 Bc6 18. Rac1 Qe8 19. Bd4 Rc8 20. Nbd5 Bxd5 21. Bxf6 Bc6 22. Bxg7 Kxg7 23. Qd4+ f6 24. h4 Qf7 25. Nd5 Kh7 26. Nb4 Qe8 27. Qa7 g5 28. Nxc6 bxc6 29. hxg5 fxg5 30. Rxd6 g4 31. Re6 Rf7 32. Qc5 Rg7 33. f4 h4 34. Qf5+ Kg8 35. Rh6 h3 36. Qe6+ Rf7 37. Qxg4+ Rg7 38. Qxh3 Kf7 39. Qe6+ 1-0

[Event "SVK-ch Open 2018"]
[Site "Banska Stiavnica"]
[Date "2018.07.07"]
[Round "1"]
[White "Chmiel, Marcin"]
[Black "Popovic, Martin"]
[Result "1-0"]
[ECO "B33"]
[WhiteElo "2249"]
[BlackElo "1846"]
[Annotator "NA"]
[PlyCount "129"]
[EventDate "2018.07.07"]
[EventType "swiss"]
[EventCountry "SVK"]
[SourceTitle "playchess.com"]
[Source "ChessBase"]
[SourceQuality "1"]
[TimeControl "40/5400+30:1800+30"]

1. e4 c5 2. Nf3 Nc6 3. d4 cxd4 4. Nxd4 Nf6 5. Nc3 e5 6. Ndb5 d6 7. Bg5 a6 8. Na3 b5 9. Bxf6 gxf6 10. Nd5 Bg7 11. Bd3 Be6 12. O-O Ne7 13. Nxe7 Qxe7 14. c4 b4 15. Qa4+ Qd7 16. Qxb4 Bh6 17. Nc2 Rg8 18. g3 Bh3 19. Rfe1 Rc8 20. Ne3 Bxe3 21. Rxe3 Ke7 22. Bf1 Be6 23. Rd1 Rb8 24. Qa3 Rgc8 25. Rb3 Rxb3 26. Qxb3 Qc6 27. Qe3 Qc5 28. Qxc5 dxc5 29. f4 Rc7 30. Kf2 a5 31. Kf3 Rd7 32. Rxd7+ Bxd7 33. b3 Bc8 34. Bd3 Bd7 35. Kg2 Kf8 36. Be2 Bc6 37. Bf3 Bb7 38. Kf2 Ke7 39. Ke3 Bc8 40. Bh5 Bd7 41. Kf3 f5 42. fxe5 Bc6 43. Kf4 Bxe4 44. g4 Bb1 45. gxf5 Bxa2 46. f6+ Kf8 47. Bd1 Bb1 48. Kg5 Bd3 49. h4 Bb1 50. h5 Bd3 51. h6 Bb1 52. Kf4 Bd3 53. Ke3 Bf5 54. Kd2 Kg8 55. Bc2 Bc8 56. Be4 Bd7 57. Kc3 Be8 58. Bb7 Bd7 59. Ba6 Bg4 60. Bb5 Be6 61. Kb2 Bf5 62. Ka3 Bc2 63. Ka4 Bd1 64. Kxa5 Bxb3 65. Kb6 1-0

[Event "SVK-ch Open 2018"]
[Site "Banska Stiavnica"]
[Date "2018.07.07"]
[Round "1"]
[White "Ruckschloss, Karol"]
[Black "Brnusak, Andrej"]
[Result "1-0"]
[ECO "E73"]
[WhiteElo "2245"]
[BlackElo "1866"]
[Annotator "NA"]
[PlyCount "79"]
[EventDate "2018.07.07"]
[EventType "swiss"]
[EventCountry "SVK"]
[SourceTitle "playchess.com"]
[Source "ChessBase"]
[SourceQuality "1"]
[TimeControl "40/5400+30:1800+30"]

1. c4 Nf6 2. d4 g6 3. Nc3 Bg7 4. e4 d6 5. Be2 O-O 6. h4 c5 7. d5 e6 8. h5 Re8 9. hxg6 hxg6 10. Bh6 Bh8 11. Bg5 e5 12. Qd3 Bg7 13. Qg3 Nbd7 14. Qh4 Nf8 15. g4 a6 16. a4 N8h7 17. Bd2 Nf8 18. Bg5 N8h7 19. Bh6 Bh8 20. g5 Nd7 21. Nf3 Qb6 22. O-O-O Qb4 23. Kc2 a5 24. b3 Nb8 25. Nb5 Na6 26. Ne1 Bd7 27. Nd3 Bxb5 28. axb5 Qa3 29. Ra1 Nb4+ 30. Nxb4 axb4 31. Rxa3 Rxa3 32. Qh3 Rea8 33. Qd7 Ra2+ 34. Kd3 Rb2 35. Bd1 Rxf2 36. Qxb7 Rd8 37. Qc7 Ra8 38. b6 Rg2 39. b7 Rg3+ 40. Kc2 1-0

[Event "SVK-ch Open 2018"]
[Site "Banska Stiavnica"]
[Date "2018.07.07"]
[Round "1"]
[White "Seres, Bela"]
[Black "Urhegyi, Ferenc"]
[Result "1-0"]
[ECO "C00"]
[WhiteElo "2212"]
[BlackElo "1851"]
[Annotator "NA"]
[PlyCount "61"]
[EventDate "2018.07.07"]
[EventType "swiss"]
[EventCountry "SVK"]
[SourceTitle "playchess.com"]
[Source "ChessBase"]
[SourceQuality "1"]
[TimeControl "40/5400+30:1800+30"]

1. e4 e6 2. d4 b6 3. Bd3 Bb7 4. Ne2 Nf6 5. Ng3 Be7 6. e5 Nd5 7. a3 Bg5 8. Be4 Bxc1 9. Qxc1 Nc6 10. c4 Nde7 11. O-O Na5 12. Bxb7 Nxb7 13. b4 d5 14. c5 c6 15. Nc3 bxc5 16. bxc5 O-O 17. f4 Na5 18. Ra2 Nc4 19. f5 exf5 20. Nxf5 Nxf5 21. Rxf5 Qh4 22. Rf4 Qg5 23. Raf2 Rab8 24. h3 Qh6 25. Kh2 Rb7 26. R2f3 Rb2 27. Nd1 Rb7 28. Nf2 Qg6 29. Rg4 Qe6 30. Rf6 Qe7 31. Qh6 1-0

[Event "SVK-ch Open 2018"]
[Site "Banska Stiavnica"]
[Date "2018.07.07"]
[Round "1"]
[White "Kanakova, Natalie"]
[Black "Huncar, Martin"]
[Result "1-0"]
[ECO "B40"]
[WhiteElo "2206"]
[BlackElo "1840"]
[Annotator "NA"]
[PlyCount "85"]
[EventDate "2018.07.07"]
[EventType "swiss"]
[EventCountry "SVK"]
[SourceTitle "playchess.com"]
[Source "ChessBase"]
[SourceQuality "1"]
[TimeControl "40/5400+30:1800+30"]

1. e4 c5 2. Nf3 e6 3. d4 cxd4 4. Nxd4 Nf6 5. Nc3 Bb4 6. e5 Nd5 7. Bd2 Nxc3 8. bxc3 Be7 9. Qg4 g6 10. Bd3 Nc6 11. Qg3 Qa5 12. Nb5 a6 13. c4 Qd8 14. Nd6+ Bxd6 15. exd6 b6 16. Bc3 Rg8 17. h4 h5 18. Qf4 f5 19. Qh6 e5 20. Qh7 Kf8 21. Bd2 Qf6 22. Bh6+ Rg7 23. Bxg7+ Qxg7 24. Qxg7+ Kxg7 25. Rb1 e4 26. Be2 Rb8 27. Rh3 Nd4 28. Rc3 Kf6 29. a4 Ke5 30. a5 Kxd6 31. c5+ Ke5 32. Rxb6 Rxb6 33. cxb6 Nc6 34. Rg3 Ne7 35. Rb3 Bb7 36. Bxa6 Bxa6 37. b7 Nc6 38. b8=Q+ Nxb8 39. Rxb8 Bc4 40. Rb6 d6 41. a6 f4 42. a7 Bd5 43. Rb5 1-0

[Event "SVK-ch Open 2018"]
[Site "Banska Stiavnica"]
[Date "2018.07.07"]
[Round "1"]
[White "Bombek, Peter"]
[Black "Gonda, Jozef"]
[Result "1-0"]
[ECO "D43"]
[WhiteElo "2201"]
[BlackElo "1832"]
[Annotator "NA"]
[PlyCount "151"]
[EventDate "2018.07.07"]
[EventType "swiss"]
[EventCountry "SVK"]
[SourceTitle "playchess.com"]
[Source "ChessBase"]
[SourceQuality "1"]
[TimeControl "40/5400+30:1800+30"]

1. d4 d5 2. Nf3 Nf6 3. c4 e6 4. Nc3 c6 5. Bg5 Be7 6. e3 O-O 7. Be2 Nbd7 8. O-O dxc4 9. Bxc4 Nd5 10. Bxe7 Qxe7 11. Qd2 Nxc3 12. Qxc3 b5 13. Be2 Bb7 14. Rfd1 Rfd8 15. a3 Rac8 16. b4 a6 17. h3 h6 18. Rd2 Nf6 19. Qc2 g6 20. Ne5 Nd7 21. Nd3 Kg7 22. Bf3 Rc7 23. Rad1 h5 24. Qc3 f6 25. Nc5 Nxc5 26. Qxc5 Qxc5 27. dxc5 Rxd2 28. Rxd2 f5 29. g4 hxg4 30. hxg4 Kf6 31. Kg2 Bc8 32. Rd8 Bd7 33. Rf8+ Kg7 34. Rb8 Bc8 35. g5 Kf7 36. Bd1 e5 37. Bb3+ Ke7 38. Kf3 Bd7 39. Rg8 Be8 40. Ke2 Bf7 41. Bxf7 Kxf7 42. Ra8 Ke6 43. Rg8 Kf7 44. Rd8 e4 45. Rd6 Rc8 46. Kd2 a5 47. Rf6+ Ke7 48. bxa5 Ra8 49. Rxg6 Rxa5 50. Rxc6 Rxa3 51. Rb6 Ra2+ 52. Ke1 b4 53. Rxb4 Rc2 54. Rb7+ Ke6 55. Rc7 Rc1+ 56. Ke2 Rg1 57. g6 Kd5 58. g7 Rg2 59. Rf7 Kxc5 60. Rxf5+ Kd6 61. Rf7 Ke6 62. Kf1 Rg5 63. Rf4 Ke5 64. Rf7 Ke6 65. Ra7 Rg4 66. f3 exf3 67. Kf2 Kf6 68. Kxf3 Rxg7 69. Rxg7 Kxg7 70. Ke4 Kf6 71. Kd5 Ke7 72. Ke5 Kd7 73. Kf6 Ke8 74. Ke6 Kd8 75. e4 Ke8 76. e5 1-0

[Event "SVK-ch Open 2018"]
[Site "Banska Stiavnica"]
[Date "2018.07.07"]
[Round "1"]
[White "Kostolansky, Sebastian Lukas"]
[Black "Weis, Dusan"]
[Result "1-0"]
[ECO "C65"]
[WhiteElo "2197"]
[BlackElo "1818"]
[Annotator "NA"]
[PlyCount "55"]
[EventDate "2018.07.07"]
[EventType "swiss"]
[EventCountry "SVK"]
[SourceTitle "playchess.com"]
[Source "ChessBase"]
[SourceQuality "1"]
[TimeControl "40/5400+30:1800+30"]

1. e4 e5 2. Nf3 Nc6 3. Bb5 Nf6 4. d3 d6 5. c3 Be7 6. O-O O-O 7. Nbd2 Bg4 8. h3 Bh5 9. Re1 a6 10. Ba4 b5 11. Bc2 Nb8 12. Nf1 Re8 13. Ng3 Bg6 14. Nh4 c5 15. Qf3 Nbd7 16. Ngf5 Bf8 17. g4 h6 18. g5 hxg5 19. Bxg5 Bh5 20. Qg2 b4 21. Bb3 Kh7 22. Ng3 Bg6 23. Nxg6 fxg6 24. h4 Be7 25. Qh3 Nh5 26. Nxh5 gxh5 27. Qf5+ g6 28. Qf7+ 1-0

[Event "SVK-ch Open 2018"]
[Site "Banska Stiavnica"]
[Date "2018.07.07"]
[Round "1"]
[White "Jozefek, Michal"]
[Black "Sarkozi, Szabolcs"]
[Result "1-0"]
[ECO "E73"]
[WhiteElo "2182"]
[BlackElo "1808"]
[Annotator "NA"]
[PlyCount "85"]
[EventDate "2018.07.07"]
[EventType "swiss"]
[EventCountry "SVK"]
[SourceTitle "playchess.com"]
[Source "ChessBase"]
[SourceQuality "1"]
[TimeControl "40/5400+30:1800+30"]

1. d4 Nf6 2. c4 g6 3. Nc3 Bg7 4. e4 d6 5. Be2 O-O 6. Bg5 h6 7. Be3 e5 8. d5 c5 9. dxc6 bxc6 10. Qd2 Kh7 11. Rd1 Qa5 12. Bf3 Be6 13. b3 Ne8 14. Nge2 f5 15. g3 f4 16. gxf4 exf4 17. Bd4 Nf6 18. Nxf4 Bd7 19. Nce2 Qc7 20. h4 Na6 21. Be3 Nc5 22. Qxd6 Qa5+ 23. Qd2 Qa3 24. e5 Rad8 25. exf6 Bxf6 26. h5 g5 27. Qc2+ Kg8 28. Qg6+ Bg7 29. Bd4 Rf7 30. Nd5 Bf5 31. Qxc6 Rc8 32. Bxc5 Qxa2 33. Ne7+ Rxe7 34. Qxc8+ Bxc8 35. Bxe7 Bf5 36. O-O Qxb3 37. Bd5+ Kh7 38. Ng3 Bg4 39. Rd3 Qb8 40. Be4+ Kg8 41. Rd8+ Qxd8 42. Bxd8 Be5 43. c5 1-0

[Event "SVK-ch Open 2018"]
[Site "Banska Stiavnica"]
[Date "2018.07.07"]
[Round "1"]
[White "Macko, Michal"]
[Black "Pollak, Rudolf"]
[Result "1-0"]
[ECO "A14"]
[WhiteElo "2158"]
[BlackElo "1801"]
[Annotator "NA"]
[PlyCount "109"]
[EventDate "2018.07.07"]
[EventType "swiss"]
[EventCountry "SVK"]
[SourceTitle "playchess.com"]
[Source "ChessBase"]
[SourceQuality "1"]
[TimeControl "40/5400+30:1800+30"]

1. c4 Nf6 2. g3 e6 3. Bg2 d5 4. Nf3 Be7 5. O-O O-O 6. b3 c5 7. Bb2 Nc6 8. d3 a6 9. Nbd2 Qc7 10. cxd5 exd5 11. Rc1 d4 12. Ng5 Bd7 13. a3 Rab8 14. b4 b6 15. bxc5 bxc5 16. Qc2 Rfc8 17. Rb1 Qe5 18. h4 h6 19. Nc4 Qc7 20. Ne4 Nxe4 21. Bxe4 Nd8 22. Bc1 Ne6 23. Bd2 Rb5 24. a4 Rxb1 25. Rxb1 Rb8 26. Ba5 Rxb1+ 27. Qxb1 Qc8 28. Nb6 Qe8 29. Nxd7 Qxd7 30. Qb8+ Bf8 31. Qb3 g5 32. hxg5 Nxg5 33. Bb7 Qg4 34. Kf1 Qh3+ 35. Bg2 Qd7 36. Bd2 Ne6 37. a5 Qd6 38. Qb6 Kg7 39. Bb7 Qc7 40. Bxa6 Bd6 41. Bc4 Qb8 42. Qxb8 Bxb8 43. Bxe6 fxe6 44. Kg2 Kg6 45. Kf3 h5 46. Ke4 Kf6 47. a6 Ke7 48. Ba5 Ba7 49. Kf4 Kd6 50. Kg5 Kd5 51. Kxh5 c4 52. dxc4+ Kxc4 53. g4 Kb5 54. Bc7 Kxa6 55. f4 1-0

[Event "SVK-ch Open 2018"]
[Site "Banska Stiavnica"]
[Date "2018.07.07"]
[Round "1"]
[White "Cech, Dominik"]
[Black "Antal, Jakub"]
[Result "1-0"]
[ECO "B36"]
[WhiteElo "2151"]
[BlackElo "1787"]
[Annotator "NA"]
[PlyCount "67"]
[EventDate "2018.07.07"]
[EventType "swiss"]
[EventCountry "SVK"]
[SourceTitle "playchess.com"]
[Source "ChessBase"]
[SourceQuality "1"]
[TimeControl "40/5400+30:1800+30"]

1. e4 c5 2. Nf3 Nc6 3. d4 cxd4 4. Nxd4 g6 5. c4 Nf6 6. Nc3 d6 7. Be2 Nxd4 8. Qxd4 Bg7 9. Be3 O-O 10. Qd2 a5 11. f3 a4 12. Rc1 Qa5 13. Kf2 Bd7 14. Nd5 Nxd5 15. Qxa5 Rxa5 16. cxd5 Rc5 17. Bxc5 dxc5 18. Rhd1 Rc8 19. Rc2 a3 20. b3 b5 21. f4 b4 22. e5 f6 23. e6 Be8 24. Rd4 f5 25. Rxb4 Bf6 26. Kf1 Kg7 27. Rbc4 Bb5 28. Rxc5 Bxe2+ 29. Kxe2 Rd8 30. Kd3 Bb2 31. b4 Rb8 32. Kc4 Bf6 33. b5 Bb2 34. Kb4 1-0

[Event "SVK-ch Open 2018"]
[Site "Banska Stiavnica"]
[Date "2018.07.07"]
[Round "1"]
[White "Demeter, Peter"]
[Black "Holicky, Miroslav"]
[Result "1-0"]
[ECO "A11"]
[WhiteElo "2146"]
[BlackElo "1765"]
[Annotator "NA"]
[PlyCount "69"]
[EventDate "2018.07.07"]
[EventType "swiss"]
[EventCountry "SVK"]
[SourceTitle "playchess.com"]
[Source "ChessBase"]
[SourceQuality "1"]
[TimeControl "40/5400+30:1800+30"]

1. c4 c6 2. Nf3 Nf6 3. g3 g6 4. Bg2 Bg7 5. O-O O-O 6. d3 d5 7. Nc3 dxc4 8. dxc4 Be6 9. Qa4 Nbd7 10. Qb4 Qb6 11. Qxe7 Rfe8 12. Qd6 Bxc4 13. Qd2 Rad8 14. Qc2 Qa6 15. Re1 Ng4 16. h3 Nge5 17. Bg5 f6 18. Be3 Nxf3+ 19. Bxf3 Ne5 20. Bg2 Be6 21. b3 Qa5 22. Rad1 Bf8 23. Ne4 Kg7 24. f4 Nf7 25. Qb2 Be7 26. Bf2 Bd5 27. Nd2 Bxg2 28. Kxg2 Nd6 29. e4 Qb5 30. Bd4 Rf8 31. e5 Qd5+ 32. Nf3 Nf5 33. exf6+ Rxf6 34. Rxe7+ Nxe7 35. Bxf6+ 1-0

[Event "SVK-ch Open 2018"]
[Site "Banska Stiavnica"]
[Date "2018.07.07"]
[Round "1"]
[White "Hrbek, Stepan"]
[Black "Soldan, Jan"]
[Result "1-0"]
[ECO "B90"]
[WhiteElo "2129"]
[BlackElo "1759"]
[Annotator "NA"]
[PlyCount "55"]
[EventDate "2018.07.07"]
[EventType "swiss"]
[EventCountry "SVK"]
[SourceTitle "playchess.com"]
[Source "ChessBase"]
[SourceQuality "1"]
[TimeControl "40/5400+30:1800+30"]

1. e4 c5 2. Nf3 d6 3. d4 cxd4 4. Nxd4 Nf6 5. Nc3 a6 6. Be3 e6 7. f3 Be7 8. Qd2 b5 9. g4 Bd7 10. O-O-O b4 11. Nce2 a5 12. g5 Nh5 13. Ng3 Nxg3 14. hxg3 Nc6 15. Nb5 Ne5 16. Nxd6+ Bxd6 17. Qxd6 Nxf3 18. Qf4 b3 19. a3 bxc2 20. Rd6 Qb8 21. e5 Qb3 22. Bc4 Qa4 23. Qxf3 Rc8 24. g6 f6 25. Bxe6 Bc6 26. Bd5 Bxd5 27. Qxd5 Qc4 28. Rd8+ 1-0

[Event "SVK-ch Open 2018"]
[Site "Banska Stiavnica"]
[Date "2018.07.07"]
[Round "1"]
[White "Bronis, Marian"]
[Black "Fizer, Marek"]
[Result "1-0"]
[ECO "E43"]
[WhiteElo "2101"]
[BlackElo "1740"]
[Annotator "NA"]
[PlyCount "67"]
[EventDate "2018.07.07"]
[EventType "swiss"]
[EventCountry "SVK"]
[SourceTitle "playchess.com"]
[Source "ChessBase"]
[SourceQuality "1"]
[TimeControl "40/5400+30:1800+30"]

1. d4 Nf6 2. c4 e6 3. Nc3 Bb4 4. e3 b6 5. Bd3 Bb7 6. Nge2 Bxg2 7. Rg1 Bf3 8. Rxg7 Bg4 9. e4 Bf8 10. Rg5 h6 11. Rb5 Nc6 12. e5 Nxd4 13. Be4 Nxb5 14. cxb5 Nxe4 15. Nxe4 Be7 16. Bf4 h5 17. Qd2 Rg8 18. O-O-O Bf5 19. N2g3 Bg6 20. Qe2 h4 21. Nh5 Bxe4 22. Qxe4 Rg6 23. Kb1 a6 24. Qe3 axb5 25. Bh6 Bg5 26. Bxg5 Qxg5 27. Nf6+ Kd8 28. Qd4 Qf5+ 29. Ka1 d6 30. exd6 c5 31. Qxh4 Qxf6 32. Qe4 Rc8 33. Qb7 Qd4 34. Qe7# 1-0

[Event "SVK-ch Open 2018"]
[Site "Banska Stiavnica"]
[Date "2018.07.07"]
[Round "1"]
[White "Balogh, Peter"]
[Black "Cedzo, Adam"]
[Result "1/2-1/2"]
[ECO "C54"]
[WhiteElo "2097"]
[BlackElo "1737"]
[Annotator "NA"]
[PlyCount "49"]
[EventDate "2018.07.07"]
[EventType "swiss"]
[EventCountry "SVK"]
[SourceTitle "playchess.com"]
[Source "ChessBase"]
[SourceQuality "1"]
[TimeControl "40/5400+30:1800+30"]

1. e4 e5 2. Nf3 Nc6 3. Bc4 Bc5 4. c3 Nf6 5. d4 exd4 6. cxd4 Bb4+ 7. Nc3 Nxe4 8. O-O Bxc3 9. d5 Na5 10. Bd3 Nc5 11. bxc3 O-O 12. Bxh7+ Kxh7 13. Ng5+ Kg6 14. Qg4 f5 15. Qg3 Kf6 16. Nh7+ Kf7 17. Bg5 Qe8 18. Nxf8 Qxf8 19. Qxc7 b6 20. Rfe1 Bb7 21. Re7+ Kg8 22. Qe5 Nc4 23. Qd4 Nd6 24. f3 Nf7 25. Qh4 1/2-1/2

[Event "SVK-ch Open 2018"]
[Site "Banska Stiavnica"]
[Date "2018.07.07"]
[Round "1"]
[White "Lukac, Roman"]
[Black "Slaby, Jozef"]
[Result "1/2-1/2"]
[ECO "B12"]
[WhiteElo "2089"]
[BlackElo "1731"]
[Annotator "NA"]
[PlyCount "64"]
[EventDate "2018.07.07"]
[EventType "swiss"]
[EventCountry "SVK"]
[SourceTitle "playchess.com"]
[Source "ChessBase"]
[SourceQuality "1"]
[TimeControl "40/5400+30:1800+30"]

1. e4 c6 2. d4 d5 3. f3 dxe4 4. fxe4 Nf6 5. e5 Nd5 6. a3 Bf5 7. c4 Nb6 8. Nf3 e6 9. Nc3 N8d7 10. Bd3 Bxd3 11. Qxd3 Qc7 12. Bg5 h6 13. Bh4 Nc8 14. O-O Ne7 15. b4 Nf5 16. Bf2 O-O-O 17. Qe4 Kb8 18. g4 Ne7 19. Rac1 g5 20. d5 Qc8 21. d6 Ng6 22. Nb5 c5 23. Rb1 Qc6 24. Qe3 Nf4 25. Bg3 f5 26. exf6 Nxf6 27. Bxf4 gxf4 28. Qxf4 Nd7 29. bxc5 Qxc5+ 30. Kg2 a6 31. Nc7 Qxd6 32. Nxa6+ Ka7 1/2-1/2

[Event "SVK-ch Open 2018"]
[Site "Banska Stiavnica"]
[Date "2018.07.07"]
[Round "1"]
[White "Panko, Eduard"]
[Black "Sarkozy, Ladislav"]
[Result "0-1"]
[ECO "B20"]
[WhiteElo "1958"]
[BlackElo "2247"]
[Annotator "NA"]
[PlyCount "70"]
[EventDate "2018.07.07"]
[EventType "swiss"]
[EventCountry "SVK"]
[SourceTitle "playchess.com"]
[Source "ChessBase"]
[SourceQuality "1"]
[TimeControl "40/5400+30:1800+30"]

1. e4 c5 2. a3 g6 3. Nc3 Bg7 4. Bc4 d6 5. b4 Nc6 6. bxc5 dxc5 7. Nge2 Nf6 8. Rb1 O-O 9. O-O b6 10. d3 Bb7 11. Be3 Na5 12. Ba2 e5 13. Qd2 c4 14. f3 Ba6 15. Rfd1 Qd7 16. d4 exd4 17. Nxd4 Rfd8 18. Nce2 Qe8 19. c3 Nc6 20. Qc2 Ne5 21. Rb4 Nd3 22. Ra4 Nc5 23. Rb4 Nd5 24. Bg5 Nxb4 25. cxb4 f6 26. Bxf6 Bxf6 27. bxc5 bxc5 28. Bxc4+ Bxc4 29. Qxc4+ Kh8 30. Qxc5 Qa4 31. Rd2 Rac8 32. Qb4 Qxb4 33. axb4 Rc4 34. Nb3 Rxd2 35. Nxd2 Rc2 0-1